 Dungeon Crawl Stone Soup version 0.27-a0-279-gdfb9265905 (webtiles) character file.

Game seed: 14626311546136052257

31 puppykicker the Vexing (level 3, 0/27 HPs)
             Began as a Formicid Arcane Marksman on Feb 7, 2021.
             Slain by an adder (4 damage)
             ... on level 2 of the Dungeon.
             The game lasted 00:04:13 (863 turns).

puppykicker the Vexing (Formicid Arcane Marksman)    Turns: 863, Time: 00:04:13

Health: 0/27       AC:  4    Str: 15    XL:     3   Next: 40%
Magic:  4/4        EV: 12    Int: 12    God:
Gold:   60         SH:  0    Dex: 11    Spells: 3/4 levels left

rFire    . . .     SeeInvis +   b - +0 short sword
rCold    . . .     Faith    .   (no shield)
rNeg     . . .     Spirit   .   e - +0 robe
rPois    .         Reflect  .   (helmet unavailable)
rElec    .         Harm     .   (no cloak)
rCorr    .         Rampage  .   (no gloves)
Will     .....                  h - +1 pair of boots
Stlth    +.........             (no amulet)
HPRegen  0.09/turn              (no ring)
MPRegen  0.09/turn              (no ring)

@: no status effects
A: permanent stasis, dig shafts and tunnels, four strong arms, antennae 3
a: Dig, Shaft Self


You were on level 2 of the Dungeon.
You visited 1 branch of the dungeon, and saw 2 of its levels.

You collected 60 gold pieces.

Inventory:

Hand Weapons
 a - a +0 hand crossbow
 b - a +0 short sword (weapon)
Missiles
 l - 3 boomerangs (quivered)
Armour
 e - a +0 robe (worn)
 h - a +1 pair of boots (worn)
Scrolls
 i - a scroll of remove curse {unknown}
 j - a scroll of immolation {unknown}
Potions
 d - a potion of haste


   Skills:
 + Level 2.0 Fighting
 * Level 3.1 Crossbows
 - Level 1.7 Dodging
 - Level 1.1 Spellcasting
 - Level 3.6 Hexes


You had 3 spell levels left.
You knew the following spells:

 Your Spells              Type           Power        Failure   Level
v - Corona                Hex            10%          7%          1

Your spell library contained the following spells:

 Spells                   Type           Power        Failure   Level
 Slow                     Hex            9%           11%         2
 Inner Flame              Hex/Fire       5%           38%         3
 Portal Projectile        Hex/Tloc       10%          38%         3
 Cause Fear               Hex            4%           56%         4
 Leda's Liquefaction      Hex/Erth       2%           80%         4


Dungeon Overview and Level Annotations

Branches:
Dungeon (2/15)

Altars:
Kikubaaqudgha


Innate Abilities, Weirdness & Mutations

You cannot be hasted, slowed, berserked, paralysed or teleported.
You can dig through walls and to a lower floor.
Your four strong arms can wield two-handed weapons with a shield.
You have a pair of large antennae on your head. (SInv)


Message History

Unknown command.
You barely miss the adder. The adder barely misses you.
It was a potion of brilliance.
You feel clever all of a sudden. The adder misses you.
It was a potion of cancellation.
Your magical effects are unravelling.
You feel magically purged.
You feel a little less clever now. The adder closely misses you. x2
You hit the adder. The adder closely misses you.
You hit the adder. The adder closely misses you.
You hit the adder. The adder closely misses you. x2
You completely miss the adder. The adder barely misses you.
You hit the adder. The adder bites you.
* * * LOW HITPOINT WARNING * * *
The adder closely misses you.
You take 1 damage, and have 3/27 hp.
You closely miss the adder. The adder bites you.
You die...

## .# { .P.. .## { P..P
..########## .P. .
#........(.## ..## ._
...#######..##### P..#...
##........#.....# PP..(..
########..####.####....P.#
##......@S(((..(.P#
###########....... #######


You could see an adder.

Levels and vault maps discovered:
D:1:      ldierk_walled_garden_2, layout_basic
D:2:      layout_rooms, general_overflow_altar, kiku_gazebo_garden_becter,
          lemuel_doored_altar

Notes
Turn   | Place    | Note
-------+----------+-------------------------------------------
     0 | D:1      | puppykicker the Formicid Arcane Marksman began the quest
                  | for the Orb.
     0 | D:1      | Reached XP level 1. HP: 15/15 MP: 2/2
    61 | D:1      | Identified a +0 short sword
   176 | D:1      | Identified a +0 hand crossbow
   301 | D:1      | Identified a +0 dagger
   308 | D:1      | Reached XP level 2. HP: 20/21 MP: 3/3
   341 | D:1      | Identified a +1 pair of boots (You found it on level 1 of
                  | the Dungeon)
   583 | D:1      | Identified a +0 dagger
   614 | D:2      | Identified a +0 club
   625 | D:2      | Reached XP level 3. HP: 20/27 MP: 4/4
   711 | D:2      | Reached skill level 2 in Fighting
   711 | D:2      | Reached skill level 3 in Crossbows
   808 | D:2      | Identified a +0 ring mail
   809 | D:2      | Found an ancient bone altar of Kikubaaqudgha.
   815 | D:2      | Identified a +0 club
   833 | D:2      | Identified 2 potions of haste
   834 | D:2      | Identified 2 potions of curing
   847 | D:2      | HP: 5/27 [adder (2)]
   850 | D:2      | HP: 2/27 [adder (2)]
   856 | D:2      | Identified a potion of brilliance
   857 | D:2      | Identified a potion of cancellation
   862 | D:2      | HP: 3/27 [adder (1)]
   863 | D:2      | Slain by an adder

Table legend: (Time is in decaauts)
 A = Elapsed time spent in this place.
 B = Non-inter-level travel time spent in this place.
 C = Inter-level travel time spent in this place.
 D = Time resting spent in this place.
 E = Time spent auto-exploring this place.
 F = Levels seen in this place.
 G = Mean time per level.
                   A        B        C        D        E       F      G
               +--------+--------+--------+--------+--------+-----+--------+
         Total |    880 |    829 |     51 |    144 |    516 |   2 |  440.0 |
       Dungeon |    880 |    829 |     51 |    144 |    516 |   2 |  440.0 |
               +--------+--------+--------+--------+--------+-----+--------+

Top non-repeatable levels by time:
     D:1: 609 daAuts
     D:2: 270 daAuts

Table legend:
 A = Kills in this place as a percentage of kills in entire the game.
 B = Kills by you in this place as a percentage of kills by you in the entire game.
 C = Kills by friends in this place as a percentage of kills by friends in the entire game.
 D = Other kills in this place as a percentage of other kills in the entire game.
 E = Experience gained in this place as a percentage of experience gained in the entire game.
 F = Experience gained in this place divided by the number of levels of this place that you have seen.
                   A       B       C       D       E      F
               +-------+-------+-------+-------+-------+----------------------
         Total | 100.0 | 100.0 |   N/A |   N/A | 100.0 |  22.5
       Dungeon | 100.0 | 100.0 |   N/A |   N/A | 100.0 |  22.5
               +-------+-------+-------+-------+-------+----------------------

Skill      XL: |  1  2  3 |
---------------+----------+-----
Fighting       | 2 |  2.0
Crossbows      | 3 |  3.1
Dodging        | |  1.7
Spellcasting   | |  1.1
Hexes          | |  3.6

Action                   || total
-------------------------++-------
Melee: Short sword       ||    59
 Fire: Hand crossbow     ||    24
 Cast: Corona            ||     1
  Use: Potion            ||     5
Armor: Robe              ||    14
Dodge: Dodged            ||    64

Vanquished Creatures
  An ooze (D:2)
  2 dart slugs (D:1)
  A leopard gecko (D:2)
  A bat (D:1)
  A giant cockroach (D:1)
  3 goblins (D:1)
  2 hobgoblins (D:2)
  3 kobolds
  A quokka (D:2)
  A frilled lizard (D:2)
  3 rats
19 creatures vanquished.

Vanquished Creatures (others)
  4 toadstools (D:1)
  6 withered plants (D:2)
10 creatures vanquished.

Grand Total: 29 creatures vanquished
